 Dungeon Crawl Stone Soup version 0.26.1-10-gdfb7c7de75 (webtiles) character file.

Game seed: 11827849847992162544

60 Revguard the Grasshopper (level 3, -8/27 HPs)
             Began as a Demonspawn Warper on Apr 9, 2021.
             Killed from afar by an orc wizard (12 damage)
             ... with a puff of flame
             ... on level 4 of the Dungeon.
             The game lasted 00:04:14 (1706 turns).

Revguard the Grasshopper (Demonspawn Warper)        Turns: 1706, Time: 00:04:14

Health: -8/27      AC:  5    Str: 12    XL:     3   Next: 82%
Magic:  6/6        EV: 11    Int: 14    God:
Gold:   62         SH:  0    Dex: 12    Spells: 1/6 levels left

rFire    . . .     SeeInvis .   a - +0 falchion
rCold    . . .     Faith    .   (no shield)
rNeg     . . .     Spirit   .   h - +0 ring mail
rPois    .         Reflect  .   (helmet restricted)
rElec    .         Harm     .   (no cloak)
rCorr    .         Rampage  .   (no gloves)
Will     .....                  (no boots)
Stlth    +.........             (no amulet)
HPRegen  0.09/turn              (no ring)
MPRegen  0.10/turn              (no ring)

@: flying
A: antennae 1
a: no special abilities


You were on level 4 of the Dungeon.
You visited 1 branch of the dungeon, and saw 3 of its levels.

You collected 62 gold pieces.

Inventory:

Hand Weapons
 a - a +0 falchion (weapon)
Missiles
 e - 5 boomerangs of dispersal (quivered)
 l - 2 javelins
Armour
 b - a +0 leather armour
 h - a +0 ring mail (worn)
Scrolls
 d - a scroll of blinking
 f - a scroll of immolation {unknown}
 g - a scroll of identify {unknown}
 j - 2 scrolls of teleportation {unknown}
 m - 3 scrolls of random uselessness {unknown}
Potions
 c - a potion of flight


   Skills:
 * Level 2.2 Fighting
 + Level 2.2 Long Blades
 + Level 1.0 Throwing
 + Level 1.0 Armour
 * Level 2.4 Dodging
 * Level 2.2 Spellcasting
 * Level 3.2 Translocations


You had one spell level left.
You knew the following spells:

 Your Spells              Type           Power        Failure   Level
a - Blink                 Tloc           N/A          21%         2
b - Teleport Other        Tloc           10%          38%         3

Your spell library contained the following spells:

 Spells                   Type           Power        Failure   Level
 Gell's Gravitas          Tloc           5%           38%         3
 Lesser Beckoning         Tloc           5%           38%         3
 Passage of Golubria      Tloc           N/A          80%         4


Dungeon Overview and Level Annotations

Branches:
Dungeon (2/15)

Altars:


Innate Abilities, Weirdness & Mutations

You have a pair of small antennae on your head.


Message History

You hear some strange, mumbled words.
A puff of frost appears from out of thin air!
The puff of frost hits you. Something hits you.
You hit something. You miss something. Something hits you but does no damage.
Something hits you.
You miss something.
You hear some strange, mumbled words.
A puff of flame appears from out of thin air!
The puff of flame misses you. Something hits you.
You hit something. Something hits you. x2
* * * LOW HITPOINT WARNING * * *
Okay, then.
You miss something. Something hits you but does no damage.
You hit something but do no damage. Something hits you.
* * * LOW HITPOINT WARNING * * *
Something hits you but does no damage.
You hear some strange, mumbled words.
A puff of flame appears from out of thin air!
The puff of flame hits you!
You die...

#.# ##.## ..#
#..©#.#...# #
#######+#..##..##. . # #
#..........#...#...#.#.#
#.......{#.##....#..# .#
#........#..## .[.. ..#
####....###..##### #.#
#.#### ##(){@.###..# #.
######..†..# #
#......†#### +.......#
#.......# ..........#
..........# ...........
....########


There were no monsters in sight!

Vanquished Creatures
  A worker ant (D:4)
  An ooze (D:4)
  A dart slug (D:1)
  2 orcs (D:4)
  A ball python (D:1)
  A giant cockroach (D:1)
  4 goblins (D:1)
  4 hobgoblins (D:1)
  2 jackals (D:4)
  4 kobolds (D:1)
  2 bats (D:1)
  2 frilled lizards (D:1)
  2 rats (D:1)
27 creatures vanquished.

Notes
Turn   | Place    | Note
-------+----------+-------------------------------------------
     0 | D:1      | Revguard the Demonspawn Warper began the quest for the Orb.
     0 | D:1      | Reached XP level 1. HP: 16/16 MP: 3/3
   201 | D:1      | Reached skill level 3 in Translocations
   206 | D:1      | Gained mutation: You have a pair of small antennae on your
                  | head. [demonic ancestry]
   206 | D:1      | Reached XP level 2. HP: 22/22 MP: 5/5
   545 | D:1      | Learned a level 2 spell: Blink
  1555 | D:2      | You fall into a shaft and drop 2 floors!
  1567 | D:4      | Reached XP level 3. HP: 20/27 MP: 6/6
  1569 | D:4      | Reached skill level 1 in Armour
  1587 | D:4      | Learned a level 3 spell: Teleport Other
  1695 | D:4      | Reached skill level 1 in Throwing
  1706 | D:4      | Killed from afar by an orc wizard

Illustrated notes

Levels and vault maps discovered:
D:1:      lemuel_arrival_tunnels, layout_basic, feat_on_display
D:2:      layout_basic, xom_butterflies, grunt_temple_overflow_diamond,
          chequers_ecumenical_altar_grove, uniq_robin, uniq_sigmund,
          uniq_jessica
D:4:      layout_basic, serial_shops, shop, gammafunk_ghost_stat_death

Skill      XL: |  1  2  3 |
---------------+----------+-----
Translocations | 3 |  3.2
Dodging        | 2 |  2.4
Long Blades    | 2 |  2.2
Armour         | 1 |  1.0
Throwing       | 1 |  1.0
Fighting       | |  2.2
Spellcasting   | |  2.2

Action                   || total
-------------------------++-------
Melee: Falchion          ||    89
Throw: Dart              ||     3
  Use: Potion            ||     2
Armor: Leather armour    ||    14
       Ring mail         ||    30
Dodge: Dodged            ||    63
       Rpst.: Falchion   ||    23
